[Event "*** SCC Grand Prix: Titled Tuesday Blitz"]
[Site "Chess.com"]
[Date "2020.07.07"]
[Round "3"]
[White "pastouche06"]
[Black "XDPS"]
[Result "0-1"]
[WhiteElo "2483"]
[BlackElo "2718"]
[TimeControl "180+1"]
[EndTime "10:29:23 PDT"]
[Termination "XDPS won on time"]

1. d4 d5 2. c4 c6 3. Nf3 Nf6 4. Qc2 dxc4 5. e4 b5 6. b3 cxb3 7. axb3 Bg4 8. Nbd2 Bxf3 9. Nxf3 e6 10. Bd2 a5 11.
Bd3 Be7 12. O-O h6 13. Rfc1 O-O 14. Qd1 Nfd7 15. Qe1 a4 16. e5 Re8 17. Qe4 Nf8 18.
Bxb5 a3 19. Bc4 Qb6 20. g4 Nbd7 21. g5 h5 22. Nh4 g6 23. Ng2 Red8 24. h4 Qb7 25.
Nf4 Nb6 26. Be2 Qd7 27. Be3 Nd5 28. Nxh5 gxh5 29. Bxh5 Kg7 30. Bf3 Rab8 31. Qg4 Rxb3 32. Qh5 Nxe3 33. fxe3 Rxe3 34. Qh6+ Kg8 35. Bh5 Qxd4 36.
Bxf7+ Kxf7 37. Rf1+ Kg8 38. Rxf8+ Bxf8 39. Qxe6+ Kh8 0-1

[Event "*** SCC Grand Prix: Titled Tuesday Blitz"]
[Site "Chess.com"]
[Date "2020.07.07"]
[Round "3"]
[White "2346PL"]
[Black "Muracle"]
[Result "0-1"]
[WhiteElo "2409"]
[BlackElo "2613"]
[TimeControl "180+1"]
[EndTime "10:29:23 PDT"]
[Termination "Muracle won by resignation"]

1. d4 Nf6 2. Bg5 e6 3. Nf3 d5 4. e3 Be7 5. Bd3 O-O 6. O-O c5 7. c3 Nc6 8. Nbd2 Ne8 9. Bxe7 Qxe7 10. Ne5 f6 11. Nxc6 bxc6 12. f4 cxd4 13. cxd4 c5 14. Nf3 c4 15. Bc2 Nd6 16. b3 Bd7 17. Nd2 cxb3 18. Nxb3 Nc4 19. Qd3 f5 20. Nc5 Rfc8 21. a4 Be8 22. Rfb1 Rab8 23. g3 Rb6 24. a5 Rb5 25. Bb3 Nxa5 26. Bd1 Nc4 27. Bb3 Nd6 28. Ra6 Rb6 29. Rba1 Bb5 30. Qd2 Bxa6 31. Rxa6 Ne4 32.
Nxe4 Rxa6 33. Nc5 Rxc5 34. dxc5 Qxc5 35. Kg2 Rb6 36. Bd1 Qa3 37. Kh3 Qd6 38. Qc2 Rb8 39. Qa4 a6 40. g4 fxg4+ 41. Bxg4 e5 42. f5 d4 43. Qc4+ Kh8 44. e4 d3 45. Bd1 d2 46.
Kg4 Qd4 47. Qc6 Qg1+ 48. Kh5 Qxd1+ 0-1

[Event "*** SCC Grand Prix: Titled Tuesday Blitz"]
[Site "Chess.com"]
[Date "2020.07.07"]
[Round "3"]
[White "BigAl"]
[Black "theblitzchamp"]
[Result "0-1"]
[WhiteElo "2507"]
[BlackElo "2745"]
[TimeControl "180+1"]
[EndTime "10:29:24 PDT"]
[Termination "theblitzchamp won on time"]

1. e4 d6 2. d4 Nf6 3. Nc3 e5 4. Nf3 Nbd7 5. Bc4 Be7 6. a4 O-O 7. a5 c6 8. Ba2 Rb8 9. O-O b5 10. axb6 axb6 11. d5 cxd5 12. Bxd5 b5 13. b4 Nb6 14.
Bc6 Qc7 15. Nd5 Nbxd5 16. exd5 Bd7 17. Bxd7 Qxd7 18. Bg5 Rfc8 19. Bxf6 Bxf6 20. Ra6 Rc4 21. Nd2 Rxb4 22. c3 Ra4 23. Rc6 h6 24. Qb1 Be7 25. h3 b4 26. c4 b3 27. Ne4 b2 28. Qc2 Ra1 29. Nc3 Qa7 30. Rb1 Rxb1+ 31. Nxb1 Qd4 32. Kh2 Bg5 33. g3 h5 34. Rxd6 h4 35. g4 Bf4+ 36. Kg2 e4 37. Rd7 e3 38. fxe3 Qxe3 39. Qf2 Qe4+ 40. Qf3 Qc2+ 41. Qf2 Qxb1 42. Qxf4 Qc2+ 43. Kf3 Rb3+ 0-1

[Event "*** SCC Grand Prix: Titled Tuesday Blitz"]
[Site "Chess.com"]
[Date "2020.07.07"]
[Round "3"]
[White "RobertoJBM"]
[Black "GMaka"]
[Result "1-0"]
[WhiteElo "2711"]
[BlackElo "2334"]
[TimeControl "180+1"]
[EndTime "10:29:24 PDT"]
[Termination "RobertoJBM won by resignation"]

1. d4 d5 2. c4 e5 3. dxe5 d4 4. Nf3 Nc6 5. a3 Nge7 6. b4 Ng6 7. Bb2 Bg4 8. Nxd4 Ngxe5 9. f3 Nxc4 10. Bc3 Ne3 11.
Qd2 Nxf1 12. Rxf1 Nxd4 13. Bxd4 Be6 14. e4 Be7 15. Qc3 Bf6 16. Bxf6 Qxf6 17. Qxf6 gxf6 18. Nc3 h5 19. O-O-O c6 20. g3 Ke7 21. Rd4 a5 22.
Kb2 axb4 23. axb4 b6 24. Ra1 Rxa1 25. Kxa1 c5 26. bxc5 bxc5 27. Ra4 Rd8 28. Ra5 Rd2 29. h4 Rd3 30. Rxc5 Rxf3 31. Ne2 Rf1+ 32. Rc1 Rxc1+ 33. Nxc1 Bc4 34. Kb2 Ke6 35. Kc3 Ba6 36. Kd4 f5 37.
Nb3 Kf6 38. Nc5 Bc8 39. e5+ Kg6 40. Ke3 Be6 41. Kf4 Bc8 42. Nb3 Be6 43. Nd4 Bc8 44.
Nc6 f6 45. Ne7+ Kf7 46. Nxc8 1-0

[Event "*** SCC Grand Prix: Titled Tuesday Blitz"]
[Site "Chess.com"]
[Date "2020.07.07"]
[Round "3"]
[White "AlphaHero0"]
[Black "chessablanca"]
[Result "0-1"]
[WhiteElo "1959"]
[BlackElo "2465"]
[TimeControl "180+1"]
[EndTime "10:29:24 PDT"]
[Termination "chessablanca won on time"]

1. Nf3 d5 2. c4 c6 3. e3 Nf6 4.
Nc3 Nbd7 5. d4 e6 6. Qc2 Bd6 7.
b3 O-O 8. Bd3 e5 9. cxd5 cxd5 10. Nb5 Bb8 11. dxe5 Nxe5 12. Nxe5 Bxe5 13. Nd4 Bd7 14. O-O Rc8 15. Qb1 h6 16. Bb2 Re8 17. Nf3 Bd6 18. Bf5 Ne4 19. Bxd7 Qxd7 20. Bd4 b6 21.
Qb2 Qg4 22. h3 Qg6 23. Rac1 f6 24. Rxc8 Rxc8 25. Rc1 Qf5 26. a3 Kh7 27. h4 Re8 28. Qc2 g5 29. hxg5 hxg5 30. Nh2 Re7 31. f3 Ng3 32.
Nf1 Qxc2 33. Rxc2 Nh5 34. Rc6 Re6 35. b4 Kg6 36. b5 Ng7 37. a4 Nf5 38. Rc8 Re7 39.
g4 Nh4 40. Kf2 f5 41. Ng3 fxg4 42. fxg4 Rf7+ 43. Ke2 Bxg3 44. Rg8+ Kh7 0-1

[Event "*** SCC Grand Prix: Titled Tuesday Blitz"]
[Site "Chess.com"]
[Date "2020.07.07"]
[Round "3"]
[White "ailime26"]
[Black "Fortitudine"]
[Result "0-1"]
[WhiteElo "1875"]
[BlackElo "2242"]
[TimeControl "180+1"]
[EndTime "10:29:24 PDT"]
[Termination "Fortitudine won on time"]

1. e4 c5 2. Nf3 d6 3. d4 cxd4 4. Nxd4 Nf6 5. Nc3 Nc6 6. Be3 Ng4 7. Bc1 Qb6 8. Bb5 e5 9. Nd5 Qxd4 10. Qxd4 exd4 11.
Nc7+ Kd8 12. Nxa8 Bd7 13. f3 Nge5 14. Bd2 Kc8 15. f4 Ng6 16. Bxc6 Bxc6 17. Ba5 Bxe4 18. O-O-O d5 19. Rxd4 b6 20. Nxb6+ axb6 21. Bxb6 Bd6 22. Rhd1 Nxf4 23. Ra4 Kb7 24. Be3 Ne6 25. g3 Rc8 26.
Rd2 f5 27. c3 f4 28. gxf4 Nxf4 29. Kd1 Ne6 30. Ke1 Rf8 31. Bf2 Nf4 32. Be3 Nd3+ 33.
Ke2 Nc5 34. Bxc5 Bxc5 35. Ra5 Kb6 0-1

[Event "*** SCC Grand Prix: Titled Tuesday Blitz"]
[Site "Chess.com"]
[Date "2020.07.07"]
[Round "3"]
[White "abhidabhi"]
[Black "GuerrieroFromLevant"]
[Result "0-1"]
[WhiteElo "2730"]
[BlackElo "2449"]
[TimeControl "180+1"]
[EndTime "10:29:25 PDT"]
[Termination "GuerrieroFromLevant won on time"]

1. Nf3 d5 2. g3 Nf6 3. Bg2 c5 4. O-O e6 5. d3 Nc6 6. Nbd2 Be7 7.
e4 O-O 8. Qe2 b5 9. e5 Nd7 10.
h4 Re8 11. Re1 h6 12. Nf1 b4 13. N1h2 a5 14. Ng4 Bf8 15. Bf4 a4 16. Qd2 Qe7 17.
c4 Nb6 18. Ne3 dxc4 19. dxc4 Bb7 20. Rac1 a3 21. b3 Rad8 22. Qe2 Nd4 23. Nxd4 cxd4 24. Bxb7 Qxb7 25. Ng4 Nd7 26. Rcd1 Nc5 27. Bxh6 gxh6 28. Nf6+ Kh8 29. Nxe8 d3 30. Rxd3 Rxd3 31. Nf6 Qf3 32. Qf1 Bg7 33. Ne8 Ne4 34. c5 Bxe5 35. c6 Bxg3 36.
Rxe4 Qxe4 37. Nf6 Qf3 38. c7 Bxc7 0-1

[Event "*** SCC Grand Prix: Titled Tuesday Blitz"]
[Site "Chess.com"]
[Date "2020.07.07"]
[Round "3"]
[White "Rish_97"]
[Black "ShimanovAlex"]
[Result "1/2-1/2"]
[WhiteElo "2649"]
[BlackElo "2877"]
[TimeControl "180+1"]
[EndTime "10:29:26 PDT"]
[Termination "Game drawn by repetition"]

1. d4 Nf6 2. Nf3 c5 3. e3 b6 4. Bd3 Bb7 5. O-O g6 6. c4 Bg7 7. d5 O-O 8. Nc3 d6 9. e4 e5 10. Re1 Nbd7 11. a3 Nh5 12. b4 Nf4 13. Bf1 Bc8 14. g3 Nh5 15. Rb1 h6 16. Bg2 Nhf6 17. Be3 Ng4 18. Bd2 Ba6 19. Nb5 Qb8 20. Qc1 Kh7 21.
Qc2 Rc8 22. Rec1 cxb4 23. Rxb4 Ngf6 24. h3 Nc5 25. Nc3 Rc7 26. Be3 Qe8 27. Nd2 Rac8 28. a4 Nfd7 29. h4 Nb7 30. Bh3 Na5 31. Nb5 Bxb5 32. axb5 Ra8 33. Nb3 Nxb3 34. Rxb3 Nc5 35. Ra3 h5 36. Rca1 Qe7 37. Qa2 Bh6 38. Bxc5 dxc5 39.
Ra6 Qd6 40. Qe2 Re7 41. Kg2 Kg7 42. Qa2 Kh7 43. Qc2 Kg7 44. Qd3 Kh7 45. R1a2 Kg7 46.
R2a3 Kh7 47. Ra2 Kg7 48. R2a3 Kh7 49. Ra2 1/2-1/2

[Event "*** SCC Grand Prix: Titled Tuesday Blitz"]
[Site "Chess.com"]
[Date "2020.07.07"]
[Round "3"]
[White "Tekushka"]
[Black "vinniethepooh"]
[Result "0-1"]
[WhiteElo "2359"]
[BlackElo "2548"]
[TimeControl "180+1"]
[EndTime "10:29:27 PDT"]
[Termination "vinniethepooh won by resignation"]

1. d4 Nf6 2. c4 e6 3. Nf3 d5 4. Nc3 c6 5. e3 Nbd7 6. Bd3 dxc4 7. Bxc4 b5 8. Bd3 a6 9. a4 Bb7 10. Qe2 b4 11. Ne4 c5 12. Nxf6+ Nxf6 13. dxc5 Bxc5 14.
e4 h6 15. O-O O-O 16. e5 Nd7 17.
Be4 Qb6 18. a5 Qa7 19. Bf4 Rfd8 20. Rac1 Rac8 21. Nd2 Be7 22. Qg4 Qd4 23. Bxb7 Rxc1 24.
Rxc1 Nxe5 25. Nb3 Nxg4 26. Nxd4 Rxd4 27. Bg3 Bg5 28. Re1 Bd8 29. h3 Nf6 30. Bxa6 Bxa5 31.
b3 Bb6 32. Bc4 Ne4 33. Bf4 Rxc4 34. bxc4 Bxf2+ 35. Kf1 Bxe1 36. Kxe1 b3 37. Be5 f6 38. Bb2 Nc5 39. Ke2 Na4 40. Ba3 b2 41. Bxb2 Nxb2 42. c5 Kf7 43. c6 Ke7 44. c7 Kd7 0-1

[Event "*** SCC Grand Prix: Titled Tuesday Blitz"]
[Site "Chess.com"]
[Date "2020.07.07"]
[Round "3"]
[White "731291"]
[Black "Sanan_Sjugirov"]
[Result "0-1"]
[WhiteElo "2618"]
[BlackElo "2818"]
[TimeControl "180+1"]
[EndTime "10:29:28 PDT"]
[Termination "Sanan_Sjugirov won by resignation"]

1. d4 Nf6 2. Nf3 e6 3. c4 b6 4.
g3 Ba6 5. Qc2 Bb7 6. Bg2 c5 7.
d5 exd5 8. cxd5 Nxd5 9. O-O Nc6 10. Rd1 Be7 11. Qa4 Nf6 12. Bg5 O-O 13. Nc3 h6 14.
Bxf6 Bxf6 15. Rd2 Bxc3 16. bxc3 Qe7 17. Rad1 Rad8 18. Nh4 g6 19. Rd6 Kg7 20. Qg4 Qg5 21. Qxg5 hxg5 22. Nf3 f6 23. Rxd7+ Rxd7 24. Rxd7+ Rf7 25.
Rd6 Na5 26. h4 Nc4 27. Re6 gxh4 28. Nxh4 Bxg2 29. Nxg2 Rd7 30. Nf4 Kf7 31. Rc6 g5 32. Nh5 Nd6 33. g4 Ke6 34. e4 Rf7 35. e5 fxe5 36. Ng3 Kd7 37. Rxd6+ Kxd6 38. Ne4+ Kd5 39. Nxg5 Rg7 40. Nf3 Rxg4+ 41. Kf1 Ra4 42. Nd2 Rxa2 43. Ke2 0-1

[Event "*** SCC Grand Prix: Titled Tuesday Blitz"]
[Site "Chess.com"]
[Date "2020.07.07"]
[Round "3"]
[White "colegiodemadrid"]
[Black "Aygehovit1992"]
[Result "0-1"]
[WhiteElo "2412"]
[BlackElo "2639"]
[TimeControl "180+1"]
[EndTime "10:29:28 PDT"]
[Termination "Aygehovit1992 won on time"]

1. e4 d6 2. d4 g6 3. Nc3 Bg7 4. Be3 c6 5. h3 b5 6. g4 b4 7.
Nce2 h5 8. g5 h4 9. Bg2 e5 10.
dxe5 dxe5 11. Qxd8+ Kxd8 12. O-O-O+ Kc7 13. Bc5 a5 14.
Nf3 Nd7 15. Bd6+ Kb6 16. Kb1 f5 17. Nc1 fxe4 18. Nd2 Nc5 19. Ncb3 Nb7 20. Nxe4 Nxd6 21. Rxd6 Ne7 22. Nf6 a4 23. Nd2 Bf5 24. Rd1 Kc7 25. Nde4 Rhd8 26. Rxd8 Rxd8 27. Rxd8 Kxd8 28. Nc5 a3 29. Na6 axb2 30. Nxb4 c5 31. Nbd5 Nxd5 32. Bxd5 Bxh3 33. Kxb2 Bf1 34. Be4 h3 35. Ng4 Bg2 36.
Bxg6 e4+ 37. c3 Bf3 38. Nh2 Bg2 39. Kc2 Be5 40. Ng4 Bf4 0-1

[Event "*** SCC Grand Prix: Titled Tuesday Blitz"]
[Site "Chess.com"]
[Date "2020.07.07"]
[Round "3"]
[White "aliba25"]
[Black "dpopadic"]
[Result "1-0"]
[WhiteElo "2614"]
[BlackElo "2410"]
[TimeControl "180+1"]
[EndTime "10:29:28 PDT"]
[Termination "aliba25 won by resignation"]

1. Nf3 Nf6 2. c4 g6 3. Nc3 Bg7 4. e4 d6 5. d4 O-O 6. Be2 e5 7.
O-O Na6 8. Bg5 h6 9. Be3 Ng4 10. Bc1 Qe7 11. h3 Nf6 12. dxe5 dxe5 13. Be3 c6 14. Qc2 Nh5 15. Rfd1 Be6 16. a3 Nf4 17. Bf1 Qf6 18. Nh2 Qe7 19. b4 Rfd8 20. c5 Nc7 21.
Ng4 h5 22. Nh2 Kh7 23. Kh1 a6 24. Rxd8 Rxd8 25. Rd1 Rd7 26. Nf3 Bf6 27. Rd2 Rxd2 28.
Qxd2 Bc8 29. Na4 Nb5 30. Nb6 Be6 31. a4 Nc7 32. Bxf4 exf4 33. Qxf4 Ne8 34. e5 Bg7 35. Bc4 Bxc4 36. Nxc4 Nc7 37. Nd6 Kg8 38. Qe4 Nd5 39.
Qd4 Qd7 40. b5 axb5 41. axb5 Ne7 42. b6 Bh6 43. Qa4 Nd5 44. Qa8+ Kg7 45. Qxb7 Qe6 46. Qxc6 Nf4 47. Ne8+ Kh7 48. Qxe6 Nxe6 49. b7 1-0

[Event "*** SCC Grand Prix: Titled Tuesday Blitz"]
[Site "Chess.com"]
[Date "2020.07.07"]
[Round "3"]
[White "FontVella8"]
[Black "krzyzan94"]
[Result "0-1"]
[WhiteElo "2443"]
[BlackElo "2675"]
[TimeControl "180+1"]
[EndTime "10:29:29 PDT"]
[Termination "krzyzan94 won on time"]

1. e4 e5 2. Nc3 Nf6 3. g3 d5 4. exd5 Nxd5 5. Bg2 Nxc3 6. bxc3 Bd6 7. Nf3 O-O 8. O-O Nc6 9. Rb1 Rb8 10. d4 exd4 11.
cxd4 Bg4 12. h3 Bh5 13. Rb5 Bg6 14. Bg5 Qd7 15. c4 a6 16. Rb2 h6 17. Be3 Be7 18. d5 Bf6 19. Rd2 Na5 20. Qc1 b5 21. cxb5 axb5 22.
Bd4 Bxd4 23. Rxd4 Nc4 24. a4 Nd6 25. Ne5 Qf5 26. Nc6 Rbe8 27. a5 Nc4 28. a6 Re2 29.
a7 Rfe8 30. d6 cxd6 31. Nb8 Ra2 32. Bc6 Rd8 33. a8=Q Rxa8 34. Bxa8 Rxb8 35. Bd5 Ne5 36. Kg2 b4 37. Qc7 Re8 38. Rxb4 Nd3 39. Rd4 Ne1+ 40.
Kg1 Qxh3 41. Qxd6 Be4 42. Bxe4 Rxe4 43. Qb8+ Kh7 0-1

[Event "*** SCC Grand Prix: Titled Tuesday Blitz"]
[Site "Chess.com"]
[Date "2020.07.07"]
[Round "3"]
[White "Escanor89"]
[Black "ErikRonka"]
[Result "0-1"]
[WhiteElo "2541"]
[BlackElo "2382"]
[TimeControl "180+1"]
[EndTime "10:29:29 PDT"]
[Termination "ErikRonka won by checkmate"]

1. c4 c6 2. e4 d5 3. exd5 Nf6 4. d4 cxd5 5. Nc3 g6 6. cxd5 Nxd5 7. Bc4 Nb6 8. Bb3 Bg7 9. Be3 O-O 10. h3 Nc6 11. Nf3 Na5 12. O-O Nxb3 13. Qxb3 Be6 14. Qd1 Nd5 15.
Ne4 Nxe3 16. fxe3 Bd5 17. Nc3 Rc8 18. Rc1 Bc4 19. Re1 Qb6 20. b3 Be6 21. Na4 Qd6 22.
Qd2 b6 23. Rxc8 Rxc8 24. Rc1 Rd8 25. Nc3 Bd5 26. Qe2 Bb7 27. Nb5 Qb8 28. Nc3 e5 29. Rf1 exd4 30. Nxd4 Rxd4 31. exd4 Bxd4+ 32. Kh1 Bxc3 33. Qc4 Bg7 34. Qxf7+ Kh8 35. Re1 Bc6 36. Re7 Qg8 37.
Qf4 Qd8 38. Rxa7 h6 39. Qc7 Qd1+ 40. Kh2 Qd4 41. Qxc6 Be5+ 42. Kh1 Qd1# 0-1

[Event "*** SCC Grand Prix: Titled Tuesday Blitz"]
[Site "Chess.com"]
[Date "2020.07.07"]
[Round "3"]
[White "floplover"]
[Black "binbin239"]
[Result "1-0"]
[WhiteElo "2302"]
[BlackElo "2501"]
[TimeControl "180+1"]
[EndTime "10:29:29 PDT"]
[Termination "floplover won by resignation"]

1. d4 Nf6 2. c4 g6 3. Nc3 d5 4. cxd5 Nxd5 5. e4 Nxc3 6. bxc3 Bg7 7. Be3 c5 8. Rc1 O-O 9. Nf3 Qa5 10. Qd2 Bg4 11. Be2 Nc6 12. d5 Bxf3 13. gxf3 Rad8 14. h4 e6 15. h5 exd5 16. exd5 c4 17.
Bxc4 Ne5 18. Be2 Rxd5 19. Bd4 Re8 20. Kf1 Nc6 21. hxg6 Rxd4 22. gxf7+ Kxf7 23. Qc2 Rxe2 24. Qxe2 Rd5 25. Re1 Qa6 26. c4 Re5 27. Qd3 Rxe1+ 28. Kxe1 Qa5+ 29. Kf1 Ne5 30. Qf5+ Ke7 31. Rxh7 Qc3 32.
Rxg7+ Kd6 33. Qf6+ Kc5 34. Rc7+ Kb4 35. Rxb7+ Ka3 36. Rxa7+ Kb2 37. Qb6+ Kc1 38. Qe3+ Qxe3 39. fxe3 Nxc4 40. Kf2 Nb2 41. Rc7+ Kb1 42. Rb7 Kxa2 43. Rxb2+ Kxb2 44. f4 Kc3 45. f5 Kc4 46. f6 Kd5 47.
f7 Ke6 48. f8=Q 1-0

[Event "*** SCC Grand Prix: Titled Tuesday Blitz"]
[Site "Chess.com"]
[Date "2020.07.07"]
[Round "3"]
[White "GelmanAlexander"]
[Black "Kaua18"]
[Result "1-0"]
[WhiteElo "2543"]
[BlackElo "2206"]
[TimeControl "180+1"]
[EndTime "10:29:29 PDT"]
[Termination "GelmanAlexander won by resignation"]

1. c4 c5 2. Nf3 Nc6 3. e3 e5 4. d3 Nf6 5. a3 d5 6. cxd5 Nxd5 7. b3 Be7 8. Bb2 f6 9. Nbd2 O-O 10.
Rc1 Be6 11. Rg1 b6 12. g4 Nc7 13. h4 Qd7 14. g5 Rad8 15. gxf6 Bxf6 16. Ne4 Bg4 17. Be2 Nd5 18. Nfg5 Bxe2 19. Qxe2 h6 20. Qh5 Qf5 21. Rd1 Be7 22. Rd2 Nf6 23. Nxf6+ Bxf6 24. e4 Qd7 25. Nf3 Kh8 26. Nh2 Na5 27. Ng4 Nxb3 28. Nxe5 Qe8 29. Ng6+ Kg8 30. Bxf6 Rxf6 31. Rd1 Qf7 32.
Rg2 Nd4 33. Qg4 Nf3+ 34. Kf1 Re8 35. h5 Ng5 36. Nh4 Rfe6 37. Nf5 Rf6 38. f4 Rf8 39. fxg5 Rxf5+ 40. exf5 Qd5 41. gxh6 Rxf5+ 42. Kg1 Qd4+ 43. Qxd4 cxd4 44. Rxg7+ Kh8 45. Rc1 Rf8 46. Rcc7 1-0

[Event "*** SCC Grand Prix: Titled Tuesday Blitz"]
[Site "Chess.com"]
[Date "2020.07.07"]
[Round "3"]
[White "blitzking1729"]
[Black "Ati1517"]
[Result "1-0"]
[WhiteElo "2560"]
[BlackElo "2368"]
[TimeControl "180+1"]
[EndTime "10:29:30 PDT"]
[Termination "blitzking1729 won by resignation"]

1. c4 e6 2. Nc3 d5 3. cxd5 exd5 4. d4 c6 5. Nf3 Nf6 6. Bg5 Be7 7. e3 O-O 8. Bd3 Nbd7 9. O-O Re8 10. Qc2 h6 11.
Bh4 Ne4 12. Bxe4 dxe4 13. Qxe4 Bxh4 14. Qxh4 Qb6 15. Rab1 Nf6 16. b3 Bf5 17. Rbc1 Ne4 18. Ne5 Nxc3 19. Rxc3 Qa5 20. Rc5 Qxa2 21. Nxf7 Kxf7 22.
Rxf5+ Kg8 23. b4 Qc4 24. b5 cxb5 25. Rc5 Qd3 26. Qg4 Re7 27. Rfc1 Rae8 28. h4 b4 29.
Rc8 b3 30. Qh5 Rxc8 31. Rxc8+ Kh7 32. Qd5 b2 33. Qg8+ Kg6 34. h5+ Kxh5 35. Qd5+ g5 36.
Re8 Rxe8 37. Qf7+ Qg6 38. g4+ Kxg4 39. Qxg6 Kf3 40. Qf5+ Ke2 41. Qc2+ 1-0

[Event "*** SCC Grand Prix: Titled Tuesday Blitz"]
[Site "Chess.com"]
[Date "2020.07.07"]
[Round "3"]
[White "ClassyEl"]
[Black "Makswolf200817"]
[Result "1/2-1/2"]
[WhiteElo "2461"]
[BlackElo "2507"]
[TimeControl "180+1"]
[EndTime "10:29:30 PDT"]
[Termination "Game drawn by repetition"]

1. d4 d5 2. Bf4 Nf6 3. e3 c5 4. dxc5 e6 5. b4 a5 6. c3 axb4 7. cxb4 b6 8. Bb5+ Bd7 9. Bxd7+ Nbxd7 10. c6 Bxb4+ 11. Nd2 Nc5 12. Qc2 Nfe4 13. Nf3 Nxd2 14. Nxd2 Ne4 15. Rd1 Nxd2 16. Rxd2 Qc8 17. c7 O-O 18.
O-O Bxd2 19. Qxd2 Re8 20. Qd4 Rxa2 21. Rc1 Qb7 22. h4 f6 23. Bd6 b5 24. h5 h6 25. Qc5 Rc8 26. Rb1 Ra5 27. Rb4 Qa6 28.
Kh2 Ra4 29. Rxb5 Rc4 30. Qb6 Qxb6 31. Rxb6 Ra4 32. Rb8 Ra8 33. f4 Kf7 34. g4 Ke8 35. g5 Kd7 36. Rb6 hxg5 37. fxg5 fxg5 38. Be5 Rh8 39.
Kg3 Rxh5 40. Kg4 Rhh8 41. Kxg5 Rhg8 42. Kg6 Rac8 43. Rb8 Ke7 44. Bf4 Kd7 45. Be5 Kc6 46.
Kf7 Kd7 47. Kg6 1/2-1/2

[Event "*** SCC Grand Prix: Titled Tuesday Blitz"]
[Site "Chess.com"]
[Date "2020.07.07"]
[Round "3"]
[White "ljuks68"]
[Black "seorobert1971"]
[Result "0-1"]
[WhiteElo "2427"]
[BlackElo "2694"]
[TimeControl "180+1"]
[EndTime "10:29:31 PDT"]
[Termination "seorobert1971 won on time"]

1. e4 c6 2. d4 d5 3. e5 Bf5 4. Nd2 e6 5. Nb3 Nd7 6. Nf3 Ne7 7. Be2 Bg6 8. O-O Nf5 9. a4 a5 10. Bd2 Be7 11. Qe1 b6 12. Rc1 O-O 13. c4 c5 14.
cxd5 exd5 15. dxc5 Nxc5 16. Nxc5 Bxc5 17. g4 Nh4 18.
Kh1 Be4 19. Qd1 f6 20. e6 Qe7 21. Kg1 Nxf3+ 22. Bxf3 Qxe6 23. Re1 f5 24. g5 Kh8 25.
Bf4 Rad8 26. Be2 d4 27. Bc4 Qc6 28. Bb5 Qb7 29. Qh5 Bf3 30. Qh4 Qf7 31. Bd3 Ba8 32.
Qh3 Qd5 33. f3 Qxf3 34. Qxf3 Bxf3 35. Re6 Kg8 36. Bc4 Bd5 37. Bxd5 Rxd5 38. Rd1 d3+ 39. Kf1 Rfd8 40. Bd2 Rd4 41. Rde1 Kf7 42. Rc6 Rxa4 43. Rc7+ Kg6 0-1

[Event "*** SCC Grand Prix: Titled Tuesday Blitz"]
[Site "Chess.com"]
[Date "2020.07.07"]
[Round "3"]
[White "TokChess"]
[Black "Flawless_Fighter"]
[Result "1-0"]
[WhiteElo "2409"]
[BlackElo "2570"]
[TimeControl "180+1"]
[EndTime "10:29:31 PDT"]
[Termination "TokChess won by checkmate"]

1. Nf3 Nf6 2. g3 d5 3. Bg2 c5 4. O-O Nc6 5. d4 cxd4 6. Nxd4 e5 7. Nxc6 bxc6 8. c4 Be6 9. Bg5 Be7 10. Nc3 e4 11. cxd5 cxd5 12. Qa4+ Qd7 13. Qxd7+ Nxd7 14. Bxe7 Kxe7 15. Rfd1 Nb6 16. e3 Rac8 17. Rac1 Rhd8 18.
b3 a6 19. Bf1 a5 20. Nb5 Bg4 21. Re1 a4 22. Nd4 Kd6 23. h3 Bd7 24. Ba6 Ra8 25.
Bb5 Rdc8 26. Bxd7 Kxd7 27. g4 g6 28. Kg2 Kd6 29. Kg3 h6 30. h4 Nd7 31. bxa4 Rxc1 32.
Rxc1 Rxa4 33. Rc6+ Ke7 34. Rc2 Ne5 35. Rc5 Kd6 36. Rc2 Nd3 37. h5 gxh5 38. gxh5 Ke5 39. Rc6 Rxa2 40. Rxh6 Nxf2 41. Nc6+ Kf5 42. Rd6 Nh1+ 43.
Kh3 Nf2+ 44. Kh4 Nd3 45. Rxd5+ Ke6 46. Rd4 Rh2+ 47. Kg4 f5+ 48. Kg3 Rxh5 49. Nd8+ Ke7 50. Nc6+ Ke6 51. Nd8+ Kf6 52. Rd6+ Ke5 53. Nf7# 1-0

[Event "*** SCC Grand Prix: Titled Tuesday Blitz"]
[Site "Chess.com"]
[Date "2020.07.07"]
[Round "3"]
[White "Tsyhanchuk_Stanislav"]
[Black "Korchmar_Vasiliy"]
[Result "0-1"]
[WhiteElo "2408"]
[BlackElo "2611"]
[TimeControl "180+1"]
[EndTime "10:29:32 PDT"]
[Termination "Korchmar_Vasiliy won by checkmate"]

1. e4 c5 2. Nf3 d6 3. d4 cxd4 4. Nxd4 Nf6 5. Nc3 Nc6 6. Bg5 e6 7. Qd2 a6 8. f3 h6 9. Be3 Be7 10. O-O-O Nxd4 11. Qxd4 b5 12. g4 Bb7 13. h4 Rc8 14. Qd2 d5 15. e5 Nd7 16. Bd4 b4 17.
Ne2 a5 18. f4 a4 19. Kb1 b3 20.
cxb3 axb3 21. axb3 Ba6 22. f5 Bxh4 23. fxe6 fxe6 24. Nc1 Bg5 25. Qb4 Bxf1 26. Rhxf1 Qc7 27. Bc3 Nc5 28. Ne2 Rb8 29. Qa3 Rxb3 30. Qa8+ Rb8 31.
Qa3 Ne4 32. Rc1 Bxc1 33. Rxc1 Qc4 34. Nf4 Nxc3+ 35. Rxc3 Qxf4 36. Qd6 Qe4+ 37. Kc1 Qe1+ 38. Kc2 Qe2+ 39. Kc1 Qxb2+ 40. Kd1 Qxc3 41. Qxe6+ Kd8 42. Qd6+ Kc8 43. e6 Rb1+ 44. Ke2 Rb2+ 45. Kf1 Qc1# 0-1

[Event "*** SCC Grand Prix: Titled Tuesday Blitz"]
[Site "Chess.com"]
[Date "2020.07.07"]
[Round "3"]
[White "Michaelson_11"]
[Black "Ole83"]
[Result "0-1"]
[WhiteElo "2099"]
[BlackElo "2326"]
[TimeControl "180+1"]
[EndTime "10:29:32 PDT"]
[Termination "Ole83 won by checkmate"]

1. e4 d6 2. d4 Nf6 3. Nc3 g6 4. f4 Bg7 5. Nf3 c5 6. dxc5 Qa5 7. Be3 Nxe4 8. Bd4 e5 9. fxe5 dxc5 10. Be3 Nc6 11.
Bb5 Nxc3 12. Bxc6+ bxc6 13. Qd2 O-O 14. Qxc3 Qxc3+ 15. bxc3 Re8 16. O-O Bg4 17. Bxc5 Bxf3 18. Rxf3 Bxe5 19.
Raf1 f5 20. Rd3 a6 21. Rfd1 Bf6 22. Rd6 Bxc3 23. Rxc6 Rad8 24. Rxd8 Rxd8 25. Rxa6 Rd1+ 26. Kf2 Rd2+ 27. Kf3 Rxc2 28. a4 Be5 29. Be3 Bxh2 30.
a5 Rc3 31. Ke2 Ra3 32. Ra7 Rxe3+ 33. Kf2 Ra3 34. a6 g5 35. Ra8+ Kg7 36. a7 Ra2+ 37. Kf3 Bg1 38. g4 fxg4+ 39. Kxg4 h6 40. Kh5 Rxa7 41. Rc8 Be3 42. Re8 Bf4 43. Rd8 Rf7 44.
Rc8 Be5 45. Rc6 Bf6 46. Rc8 Re7 47. Rc6 Re4 48. Rc7+ Be7 49. Rxe7+ Rxe7 50. Kg4 Kg6 51. Kf3 h5 52. Kg3 h4+ 53. Kh3 Re3+ 54. Kg4 Rg3# 0-1

[Event "*** SCC Grand Prix: Titled Tuesday Blitz"]
[Site "Chess.com"]
[Date "2020.07.07"]
[Round "3"]
[White "Maghalashvili"]
[Black "ace_mar"]
[Result "1-0"]
[WhiteElo "2757"]
[BlackElo "2436"]
[TimeControl "180+1"]
[EndTime "10:29:33 PDT"]
[Termination "Maghalashvili won by resignation"]

1. Nf3 d5 2. g3 Bg4 3. Bg2 Nd7 4. d4 e6 5. O-O Ngf6 6. c4 c6 7. Nc3 Be7 8. b3 O-O 9. Bb2 Rc8 10. Rc1 Re8 11.
Re1 Bd6 12. e4 dxe4 13. Nxe4 Nxe4 14. Rxe4 Nf6 15. Re1 Qc7 16. h3 Bh5 17. Qc2 c5 18.
Ne5 cxd4 19. Bxd4 Red8 20. Qb2 Ne8 21. b4 f6 22. c5 Be7 23. Nc4 e5 24. Be3 Bf7 25.
a4 Bd5 26. Bxd5+ Rxd5 27. Qc2 Rcd8 28. Red1 Qd7 29. Rxd5 Qxd5 30. Na5 Nc7 31. c6 b6 32. Nb7 Rc8 33. b5 Ne6 34. Rd1 Nd4 35. Bxd4 exd4 36. Qd3 Bc5 37. Re1 Kf7 38. a5 bxa5 39. Qxh7 d3 40.
Nxc5 Qxc5 41. Qxd3 Rc7 42. Rd1 a4 43. Ra1 Qe5 44. Rxa4 Qe1+ 45. Kg2 Qe5 46. Re4 Qc5 47. Rd4 a6 48. Rd7+ Rxd7 49. cxd7 1-0

[Event "*** SCC Grand Prix: Titled Tuesday Blitz"]
[Site "Chess.com"]
[Date "2020.07.07"]
[Round "3"]
[White "abykhovsky"]
[Black "LyonBeast"]
[Result "0-1"]
[WhiteElo "2687"]
[BlackElo "3031"]
[TimeControl "180+1"]
[EndTime "10:29:34 PDT"]
[Termination "LyonBeast won by resignation"]

1. d4 d5 2. Nf3 Nf6 3. c4 c6 4. Nc3 e6 5. Bg5 Nbd7 6. e3 Qa5 7. cxd5 Nxd5 8. Rc1 Bb4 9. a3 Bxc3+ 10. bxc3 b6 11. Qd2 h6 12. Bh4 c5 13. c4 Qxd2+ 14. Nxd2 Ne7 15. f3 Bb7 16. Bd3 f5 17. O-O Kf7 18.
Rfd1 Rac8 19. h3 g5 20. Bf2 h5 21. a4 g4 22. Kh2 cxd4 23. exd4 f4 24. Bg1 Nf6 25.
a5 gxh3 26. Kxh3 Rcg8 27. Kh2 Ng4+ 28. Kh1 h4 29. fxg4 h3 30. Bh2 Rxg4 31. Be4 hxg2+ 32. Kg1 Bxe4 33. Nxe4 Nf5 34. Rc2 f3 35. Rf2 Rxe4 36.
Rxf3 Reh4 37. Be5 Rg8 38. Kf2 bxa5 39. Rg1 Rhg4 40. Rb3 Nxd4 41. Rb7+ Kg6 42. Bxd4 Rf8+ 43.
Ke3 Rf1 44. Ke2 Rff4 45. Bf2 Rxc4 46. Rb2 a4 47. Rd2 a6 48. Be3 Kf5 49. Kf2 Ke4 50. Re2 Kd3 51. Rxg2 0-1